Map: Emerald City LE

Players

UncleArgyle

  • Race: Zerg Zerg
  • Spawn Location: 5:00

GeneralJules

  • Race: Protoss Protoss
  • League: Gold
  • Spawn Location: 5:00

Massa

  • Race: Terran Terran
  • League: Gold
  • Spawn Location: 11:00

qqq

  • Race: Zerg Zerg
  • League: Platinum
  • Spawn Location: 11:00

VOD

Have the link to the VOD?

Description

Time

  • Played on: July 26, 2020, 3:44 p.m.
  • Length: 25:45
Show
View Real Time Build Order
Export as new Build Order

UncleArgyle Zerg 

Build Orders: Hatch First 

Get SALT Encoding   

  12  0:00  Drone  
  13  0:08  Drone  
  14  0:17  Overlord  
  14  0:37  Drone x3  
  17  0:55  Hatchery  
  17  0:56  Drone  
  17  1:04  Drone  
  18  1:12  Extractor  
  18  1:15  Spawning Pool  
  16  1:28  Drone x2  
  18  1:42  Drone  
  18  1:43  Drone  
  19  1:56  Drone  
  20  2:03  Queen  
  20  2:06  Queen  
  24  2:11  Metabolic Boost  
  24  2:13  Drone x2  
  26  2:21  Drone x2  
  28  2:26  Overlord  
  28  2:49  Lair  
  28  2:56  Drone x2  
  28  2:57  Drone x4  
  34  3:20  Overlord x2  
  34  3:31  Extractor  
  33  3:35  Extractor  
  33  3:36  Extractor  
  33  3:37  Zergling x2  
  33  3:38  Zergling x10  
  37  3:44  Overlord  
  37  4:09  Drone x3  
  43  4:10  Drone x4  
  43  4:11  Spire  
  43  4:21  Overlord  
  43  4:23  Drone x5  
  47  4:41  Drone  
  37  5:02  Zergling x22  
  37  5:06  Queen  
  50  5:31  Drone x2  
  50  5:32  Drone x3  
  55  5:52  Mutalisk x4  
  63  5:58  Spore Crawler  
  63  5:59  Spore Crawler  
  63  6:04  Spore Crawler  
  60  6:05  Spore Crawler  
  59  6:20  Hatchery  
  50  6:39  Mutalisk x4  
  55  6:49  Zerg Flyer Weapons Level 1  
  55  6:52  Drone x3  
  58  7:22  Drone x10  
  68  7:24  Overlord  
  68  7:25  Overlord  
  68  7:57  Mutalisk  
  68  7:58  Mutalisk x4  
  70  7:59  Mutalisk, Overlord  
  70  8:00  Overlord  
  78  8:40  Drone x4  
  80  8:53  Drone x3  
  71  9:17  Mutalisk  
  71  9:18  Mutalisk x2  
  65  9:56  Hatchery  
  64  10:04  Infestation Pit  
  63  10:07  Hatchery  
  63  10:10  Corruptor x5  
  63  10:12  Corruptor  
  74  10:22  Zerg Flyer Armor Level 1  
  74  11:11  Queen  
  76  11:18  Queen  
  76  11:21  Drone  
  76  11:22  Drone x8  
  87  11:39  Hive  
  87  11:40  Spire  
  80  12:20  Extractor  
  80  12:21  Extractor  
  78  12:23  Drone x5  
  78  12:24  Drone x2  
  85  12:33  Extractor x2  
  83  12:49  Corruptor x3  
  83  12:50  Corruptor x2  
  93  12:52  Greater Spire  
  93  12:53  Zerg Flyer Weapons Level 2  
  93  12:58  Corruptor  
  93  13:00  Overlord x4  
  95  13:29  Drone  
  95  13:30  Drone x4  
  100  13:41  Corruptor x5  
  110  13:55  Overlord x4  
  110  14:12  Brood Lord x4  
  118  14:17  Drone x2  
  118  14:18  Drone x5  
  125  14:52  Ultralisk Cavern  
  125  14:54  Overseer x2  
  125  14:57  Corruptor  
  125  14:58  Corruptor x4  
  134  15:02  Brood Lord  
  134  15:03  Brood Lord  
  138  15:17  Zerg Flyer Weapons Level 3  
  64  16:41  Drone x6  
  64  16:42  Drone x3  
  73  16:57  Chitinous Plating  
  73  17:01  Corruptor x2  
  73  17:02  Corruptor  
  73  17:04  Queen  
  81  17:12  Drone x7  
  81  17:13  Drone x3  
  91  17:23  Corruptor x8  
  83  18:36  Brood Lord  
  63  19:44  Brood Lord  
  65  19:59  Hatchery  
  64  20:11  Hatchery  
  64  20:12  Extractor  
  62  20:15  Extractor  
  57  20:42  Overseer x2  
  57  22:25  Brood Lord x2  
  61  23:30  Overseer  
  61  23:31  Overseer x2  
  61  23:53  Spine Crawler x2  
  61  23:54  Spine Crawler  
  58  24:03  Brood Lord  
  60  24:45  Drone x7  
  66  24:48  Queen  
Show
View Real Time Build Order
Export as new Build Order

GeneralJules Protoss 

Build Orders: Double Forge 

Get SALT Encoding   

  12  0:00  Probe  
  13  0:12  Probe  
  14  0:18  Pylon  
  14  0:24  Probe  
  15  0:34  Probe  
  15  0:38  Gateway  
  15  0:42  Probe  
  17  0:51  Probe  
  17  0:54  Assimilator  
  18  0:59  Probe  
  19  1:08  Probe  
  19  1:13  Pylon  
  19  1:17  Probe  
  21  1:30  Cybernetics Core  
  21  1:34  Probe  
  21  1:38  Zealot  
  24  1:47  Probe  
  25  1:59  Probe, Gateway  
  26  2:06  Stalker  
  28  2:11  Probe  
  28  2:14  Assimilator  
  29  2:20  Probe  
  29  2:27  Nexus  
  30  2:30  Shield Battery  
  30  2:32  Warp Gate  
  30  2:47  Pylon  
  30  2:51  Probe  
  31  3:00  Robotics Facility  
  31  3:03  Pylon  
  31  3:14  Stalker  
  31  3:16  Stalker  
  31  3:19  Pylon  
  35  3:20  Probe  
  36  3:28  Probe  
  37  3:38  Probe  
  37  3:39  Probe  
  39  3:50  Probe  
  39  3:51  Probe  
  41  3:58  Stalker  
  41  3:59  Probe  
  41  4:00  Stalker  
  46  4:02  Probe  
  46  4:07  Probe  
  46  4:09  Assimilator  
  47  4:14  Assimilator  
  48  4:17  Gateway  
  48  4:18  Probe  
  48  4:20  Observer  
  50  4:27  Forge  
  50  4:28  Forge  
  50  4:30  Probe  
  51  4:41  Stalker x2  
  51  4:42  Probe  
  54  5:06  Protoss Ground Weapons Level 1  
  54  5:09  Probe  
  54  5:11  Pylon  
  54  5:12  Probe  
  55  5:14  Pylon  
  55  5:17  Probe  
  55  5:18  Protoss Shields Level 1  
  55  5:20  Probe  
  57  5:27  Probe  
  58  5:29  Probe, Pylon  
  60  5:39  Probe  
  60  5:41  Probe  
  60  5:42  Immortal  
  66  5:49  Pylon  
  66  5:52  Pylon  
  66  5:53  Probe  
  66  5:55  Robotics Bay  
  67  6:05  Probe  
  68  6:11  Nexus  
  68  6:17  Probe  
  69  6:20  Gateway  
  69  6:23  Gateway  
  69  6:24  Gateway  
  69  6:28  Immortal  
  73  6:36  Zealot x2  
  73  6:37  Zealot  
  73  7:01  Stalker  
  73  7:02  Stalker x2  
  74  7:30  Stalker x4  
  74  7:31  Stalker x2  
  71  7:47  Probe  
  72  7:55  Probe  
  72  8:05  Probe  
  73  8:08  Colossus  
  80  8:17  Probe  
  81  8:21  Robotics Facility  
  81  8:23  Robotics Facility  
  81  8:25  Robotics Facility  
  81  8:34  Pylon  
  81  8:36  Pylon  
  81  8:40  Pylon  
  81  8:42  Assimilator  
  81  8:43  Assimilator  
  81  8:44  Protoss Ground Armor Level 1  
  81  8:52  Colossus  
  81  8:57  Twilight Council  
  87  9:03  Stalker x5  
  87  9:04  Stalker  
  87  9:06  Colossus  
  87  9:07  Colossus  
  87  9:08  Colossus, Gateway  
  87  9:09  Gateway  
  99  9:10  Extended Thermal Lance  
  99  9:13  Gateway  
  99  9:15  Gateway  
  99  9:17  Gateway  
  99  9:20  Gateway  
  117  9:34  Probe  
  117  9:35  Probe x2  
  117  9:38  Stalker x4  
  124  9:39  Stalker  
  124  9:43  Pylon  
  124  9:45  Pylon  
  130  9:48  Pylon  
  130  10:01  Probe  
  130  10:02  Probe x2  
  133  10:13  Probe  
  134  10:14  Probe x2  
  134  10:20  Blink  
  136  10:25  Probe  
  136  10:26  Probe  
  136  10:27  Protoss Ground Weapons Level 2  
  130  10:37  Probe  
  130  10:39  Colossus x2  
  130  10:40  Colossus x2  
  124  10:49  Probe  
  124  11:06  Stalker  
  124  11:07  Stalker x7  
  140  11:26  Stalker x3  
  140  11:27  Stalker  
  112  12:24  Observer, Colossus, Immortal x2  
  127  12:36  Nexus  
  126  12:44  Colossus  
  126  12:50  Stalker  
  126  12:51  Stalker x4  
  136  12:52  Stalker x3  
  148  13:03  Colossus  
  146  13:13  Stalker x4  
  146  13:14  Stalker x2  
  154  13:24  Immortal  
  152  13:37  Nexus  
  151  14:03  Probe x3  
  154  14:15  Probe x2  
  140  14:35  Stalker x5  
  140  14:36  Stalker x3  
  156  14:45  Assimilator  
  156  14:49  Assimilator  
  156  14:52  Observer x2  
  162  14:53  Pylon, Immortal x2  
  162  14:55  Pylon  
  162  14:58  Probe x3, Pylon  
  169  15:08  Protoss Ground Armor Level 2  
  169  15:09  Protoss Ground Weapons Level 3  
  169  15:10  Probe x2  
  169  15:13  Colossus x2  
  183  15:15  Stalker x2  
  183  15:16  Stalker x2  
  191  15:21  Gravitic Boosters  
  191  15:23  Pylon  
  191  15:24  Pylon  
  191  15:26  Pylon  
  177  16:06  Stalker x3  
  177  16:07  Stalker x4  
  177  16:08  Stalker  
  179  16:19  Stalker x4  
  177  16:57  Stalker x4  
  177  16:58  Stalker x2  
  189  17:29  Nexus  
  179  17:33  Assimilator  
  167  17:37  Assimilator  
  167  17:39  Pylon  
  167  17:42  Pylon  
  153  17:56  Immortal x4  
  161  18:18  Stalker x2  
  161  18:19  Stalker x5  
  175  18:20  Stalker x3  
  163  18:35  Immortal x2  
  169  18:47  Zealot  
  169  18:48  Zealot x5  
  175  19:04  Stalker x3  
  181  19:23  Zealot x3  
  183  19:56  Nexus  
  179  20:02  Assimilator  
  179  20:04  Assimilator  
  169  20:31  Observer x2  
  169  20:32  Observer x2  
  169  20:33  Protoss Ground Armor Level 3  
  173  20:36  Protoss Shields Level 2  
  171  21:03  Photon Cannon  
  171  21:06  Photon Cannon  
  171  21:08  Photon Cannon  
  171  21:10  Photon Cannon  
  171  21:12  Photon Cannon  
  170  21:21  Pylon  
  160  22:07  Observer x4  
  159  22:21  Photon Cannon  
  159  22:22  Photon Cannon  
  159  22:24  Photon Cannon  
  159  22:27  Photon Cannon  
  159  22:29  Photon Cannon  
  159  22:32  Photon Cannon  
  159  22:34  Photon Cannon  
  158  22:58  Stalker x4  
  160  22:59  Stalker x3  
  160  23:00  Stalker x4  
  180  23:33  Nexus  
  180  25:20  Assimilator  
  180  25:22  Nexus  
  180  25:24  Assimilator  
Show
View Real Time Build Order
Export as new Build Order

Massa Terran 

Build Orders:  

Get SALT Encoding   

  12  0:02  SCV  
  13  0:17  Supply Depot  
  13  0:18  SCV  
  14  0:30  SCV  
  15  0:40  Barracks  
  15  0:42  SCV  
  16  0:50  Refinery  
  16  0:54  SCV  
  17  1:06  SCV  
  18  1:18  SCV  
  19  1:31  SCV  
  20  1:59  Reaper  
  21  2:07  Command Center  
  20  2:11  Orbital Command  
  20  2:25  Supply Depot  
  20  2:30  Barracks  
  20  2:32  Reaper  
  21  2:40  SCV  
  22  2:52  SCV  
  22  2:57  Factory  
  23  3:21  Marine x2  
  23  3:24  Orbital Command  
  23  3:25  SCV  
  26  3:37  SCV  
  26  3:39  Marine x2  
  29  3:49  SCV  
  30  4:01  SCV  
  29  4:04  Factory Tech Lab  
  29  4:07  Barracks  
  29  4:12  Command Center  
  29  4:13  Refinery, SCV x2  
  31  4:25  SCV x2, Siege Tank  
  31  4:28  Marine x2  
  38  4:34  Barracks  
  38  4:37  SCV x2  
  40  4:46  Marine x2  
  42  4:58  Widow Mine  
  44  5:03  Marine  
  45  5:19  Engineering Bay, Supply Depot  
  45  5:23  Armory, Siege Tank  
  45  5:24  Supply Depot  
  48  5:44  Supply Depot  
  48  5:48  Supply Depot  
  48  6:02  Barracks Tech Lab x2  
  48  6:09  Supply Depot  
  48  6:11  Supply Depot  
  48  6:27  Orbital Command, SCV  
  48  6:28  SCV  
  48  6:32  Supply Depot  
  50  6:35  Supply Depot  
  50  6:39  SCV  
  51  6:40  SCV  
  56  6:47  Marauder x2  
  56  6:48  Marine x2  
  56  6:51  SCV  
  56  6:52  SCV  
  60  7:01  Stimpack  
  60  7:03  SCV  
  60  7:04  SCV  
  60  7:06  Marine x2  
  68  7:08  Marauder x2  
  68  7:09  Widow Mine  
  70  7:16  SCV x2  
  72  7:24  Marine x2  
  78  7:30  Widow Mine, Marauder x2  
  80  7:41  Marine  
  80  7:42  Marine  
  70  7:51  Marauder x2  
  70  7:52  Widow Mine  
  66  7:59  Marine  
  66  8:00  Marine  
  67  8:10  Refinery  
  67  8:12  Marauder  
  69  8:13  Widow Mine, Marauder  
  69  8:14  Missile Turret x2  
  69  8:16  Missile Turret  
  69  8:17  Marine  
  69  8:18  Marine  
  68  8:24  Missile Turret x2  
  68  8:25  Missile Turret  
  65  8:27  Refinery  
  65  8:28  Missile Turret  
  65  8:29  Missile Turret  
  65  8:31  Missile Turret  
  65  8:32  Missile Turret x2  
  65  8:34  Refinery, Marauder x2, Siege Tank  
  68  8:35  Marine x2  
  68  8:36  Missile Turret  
  69  8:43  SCV x3  
  65  8:55  SCV x3, Marauder  
  66  9:04  Marine  
  66  9:05  Marine x2  
  66  9:07  SCV x2  
  69  9:16  Marine, Missile Turret  
  69  9:22  Marine x2  
  69  9:23  Marine  
  72  9:30  SCV  
  72  9:31  SCV x2  
  75  9:34  Marauder  
  77  9:40  Marine x2  
  77  9:41  Marauder  
  77  9:42  SCV  
  77  9:43  SCV x2  
  84  9:54  SCV  
  84  9:55  SCV x2  
  84  9:56  Marauder  
  84  9:59  Command Center  
  89  10:03  Missile Turret  
  89  10:04  Widow Mine, Missile Turret  
  89  10:06  SCV, Marauder, Marine x2  
  96  10:07  SCV x2  
  96  10:09  Combat Shield  
  96  10:10  Concussive Shells  
  98  10:19  SCV x2  
  100  10:25  Widow Mine, Missile Turret  
  100  10:27  Missile Turret  
  96  10:46  Widow Mine  
  96  10:49  Missile Turret  
  93  11:02  Marine x2  
  93  11:03  Marauder x2  
  73  11:07  SCV  
  73  11:08  Widow Mine, SCV x2  
  73  11:11  SCV  
  79  11:19  SCV  
  79  11:20  SCV x2, Marine x2  
  79  11:24  Marauder x2  
  89  11:27  Command Center  
  89  11:29  Widow Mine  
  89  11:30  Orbital Command  
  89  11:31  SCV  
  89  11:32  SCV x2  
  93  11:38  Marine x2  
  95  11:43  SCV  
  95  11:44  SCV x2  
  95  11:45  Marauder  
  95  11:46  Marauder  
  102  11:51  Widow Mine  
  99  11:55  SCV  
  99  11:56  SCV, Marine  
  92  12:02  Marine  
  92  12:07  Marauder x2  
  97  12:12  Widow Mine  
  97  12:14  Marine  
  93  12:22  Marine  
  90  12:28  Marauder x2  
  94  12:33  Thor  
  100  12:39  Barracks  
  100  12:41  Barracks  
  100  12:42  Factory  
  100  12:49  Marauder  
  100  12:50  Marauder  
  97  13:09  Marine  
  97  13:11  Marauder x2  
  103  13:16  Thor  
  108  13:25  Factory  
  108  13:27  Barracks Reactor  
  108  13:31  Barracks Tech Lab  
  108  13:32  Marauder x2  
  112  13:44  Barracks Tech Lab  
  112  13:45  Barracks Tech Lab  
  112  13:54  Marauder x2  
  116  14:04  Refinery  
  106  14:12  Marauder x3, Marine x2  
  106  14:15  Marauder x2  
  106  14:16  Thor  
  120  14:18  Factory Tech Lab  
  120  14:20  Factory Tech Lab  
  104  14:29  Marine  
  104  14:30  Marine  
  106  14:33  Marauder  
  106  14:34  Marauder x2  
  106  14:36  Marine, Terran Infantry Weapons Level 1  
  106  14:37  Armory, Marauder  
  106  14:38  Terran Vehicle And Ship Armor Level 1  
  115  14:47  Marine, Planetary Fortress  
  115  14:48  SCV x4, Marine  
  121  14:54  Marauder, Marine  
  121  14:55  Marauder x2  
  121  14:57  Marine  
  121  14:58  Thor  
  135  15:00  SCV x3  
  135  15:01  SCV  
  135  15:05  Marine x2  
  141  15:12  SCV  
  141  15:13  SCV x3, Marauder  
  147  15:16  Marauder x2, Marine  
  147  15:17  Marauder  
  154  15:24  Marine  
  155  15:45  Supply Depot x2  
  155  15:46  Supply Depot  
  155  15:47  Supply Depot  
  155  15:49  Supply Depot  
  155  15:51  Engineering Bay  
  155  16:06  SCV, Marine, Thor  
  155  16:07  SCV, Marauder x3, Marine, Thor  
  155  16:08  SCV x2, Marine, Thor, Supply Depot  
  155  16:10  Supply Depot  
  186  16:12  Supply Depot  
  186  16:18  SCV  
  186  16:19  SCV  
  186  16:20  Marine  
  186  16:24  Marauder  
  186  16:25  Marauder  
  193  16:26  Marine  
  193  16:28  Marine  
  193  16:30  Refinery, Marine x2  
  193  16:31  Terran Infantry Armor Level 1  
  197  16:35  Supply Depot  
  197  16:38  Marine  
  198  16:44  Marine  
  198  16:45  Marine  
  198  16:46  Refinery  
  200  16:50  Command Center  
  200  16:55  Command Center, Missile Turret x2  
  200  16:56  Missile Turret  
  200  16:57  Missile Turret  
  200  16:58  Supply Depot  
  200  17:00  Terran Infantry Weapons Level 2  
  200  17:01  Terran Vehicle And Ship Armor Level 2  
  200  17:02  Terran Vehicle Weapons Level 1  
  200  17:05  Refinery  
  200  17:16  Missile Turret  
  200  17:17  Missile Turret  
  200  17:21  Supply Depot  
  200  17:28  Starport  
  190  17:38  Starport  
  190  17:41  Starport  
  179  17:44  Supply Depot  
  140  17:52  Marauder  
  140  17:53  Marauder x4, Marine x2  
  140  17:55  Thor x3  
  158  18:04  Orbital Command  
  134  18:07  Orbital Command  
  134  18:11  Marine x2  
  134  18:13  Missile Turret  
  134  18:14  Marauder x5, Missile Turret  
  140  18:29  Marine x2  
  125  18:35  Marauder x3  
  125  18:36  Marauder  
  120  18:46  Marine  
  120  18:47  Marine  
  101  18:56  Marauder  
  101  18:57  Marauder x2  
  107  19:03  Starport  
  107  19:04  Marine  
  107  19:05  Marine  
  107  19:07  Starport  
  107  19:08  Starport  
  92  19:13  Factory  
  75  19:18  Marine  
  58  19:31  Barracks  
  58  19:32  Barracks  
  58  19:33  Barracks  
  58  19:37  Barracks  
  44  20:04  Barracks x2  
  41  20:25  Orbital Command, Viking x2  
  43  20:35  Barracks Reactor  
  43  20:36  Barracks Tech Lab x2  
  43  20:39  Marine  
  44  20:53  Barracks  
  44  20:55  Barracks, Marauder, Marine x2  
  44  20:56  Marauder  
  45  20:57  Marine  
  45  21:03  SCV x2  
  42  21:24  Supply Depot x2  
  42  21:26  Supply Depot x4  
  42  21:27  Supply Depot  
  42  21:45  Marine x2  
  46  21:47  Marine x3, Supply Depot  
  46  21:48  Supply Depot  
  46  21:50  Supply Depot x2  
  46  21:52  Supply Depot x2  
  42  22:03  Marine  
  42  22:05  Marine x2  
  42  22:07  Barracks  
  41  22:09  Barracks  
  31  22:20  SCV, Barracks  
  30  22:23  Barracks  
  21  22:46  Orbital Command  
  19  23:31  SCV  
  9  23:43  SCV  
  9  23:45  Supply Depot  
  10  23:55  SCV  
  11  23:58  Supply Depot  
  11  24:07  SCV  
  11  24:08  Barracks  
  12  24:11  Barracks  
  12  24:19  SCV  
  12  24:23  Barracks  
  13  24:25  Command Center  
  13  24:31  SCV  
  14  24:40  Supply Depot  
  14  24:43  SCV  
  15  24:49  Supply Depot  
  15  24:55  SCV  
  16  25:02  Factory x2  
  16  25:05  Barracks Tech Lab x2, Factory  
  16  25:08  SCV  
  16  25:10  Supply Depot  
  17  25:20  Barracks  
  17  25:22  Supply Depot  
  17  25:27  Barracks Tech Lab  
  17  25:28  Supply Depot  
  21  25:29  Supply Depot  
  21  25:39  Factory  
Show
View Real Time Build Order
Export as new Build Order

qqq Zerg 

Build Orders: Hatch First 

Get SALT Encoding   

  12  0:02  Drone  
  13  0:09  Drone  
  14  0:35  Hatchery  
  13  0:42  Drone  
  14  0:55  Spawning Pool  
  13  1:02  Drone  
  14  1:07  Overlord  
  14  1:10  Extractor  
  13  1:14  Drone  
  14  1:26  Drone x2  
  16  1:35  Drone  
  17  1:49  Queen  
  17  1:51  Queen  
  21  1:55  Drone  
  21  1:59  Drone  
  23  2:03  Drone  
  23  2:06  Drone  
  25  2:10  Zergling x2  
  26  2:17  Metabolic Boost  
  26  2:24  Overlord  
  26  2:30  Drone  
  26  2:31  Drone  
  26  2:37  Overlord  
  28  2:44  Drone  
  28  2:45  Drone  
  30  2:55  Drone, Baneling Nest  
  30  2:56  Zergling x2  
  30  2:57  Drone  
  32  2:59  Zergling x2  
  32  3:02  Drone  
  34  3:06  Zergling x2  
  34  3:10  Zergling x2  
  34  3:12  Zergling x2  
  37  3:13  Drone  
  37  3:14  Drone  
  37  3:17  Drone  
  37  3:19  Zergling x2  
  41  3:27  Drone  
  41  3:28  Zergling x2  
  41  3:32  Drone  
  44  3:34  Overlord  
  44  3:39  Overlord  
  44  3:53  Zergling x4  
  46  3:56  Drone x2  
  46  3:57  Drone  
  46  3:59  Zergling x2  
  50  4:04  Baneling  
  50  4:05  Baneling x3  
  50  4:06  Drone x3  
  50  4:07  Zergling x2  
  54  4:17  Zergling x2  
  54  4:20  Zergling x2  
  54  4:22  Hatchery  
  55  4:30  Zergling x2  
  50  4:55  Zergling x8  
  50  4:56  Zergling x2  
  50  4:57  Zergling x8  
  55  5:14  Lair  
  55  5:16  Pneumatized Carapace  
  55  5:25  Zergling x10  
  58  5:36  Hatchery, Zergling x2  
  58  5:37  Drone, Zergling x2  
  60  5:47  Hatchery  
  60  5:48  Hatchery, Baneling x2  
  60  5:49  Baneling x2  
  58  5:50  Zergling x10  
  58  5:51  Drone, Zergling x4  
  66  5:59  Overlord  
  66  6:08  Overlord  
  65  6:38  Zergling x12  
  65  6:39  Zergling x8  
  75  6:43  Drone x2  
  75  6:44  Drone  
  74  6:56  Drone, Zergling x4  
  74  6:57  Drone  
  64  7:06  Spore Crawler  
  62  7:10  Spore Crawler  
  62  7:14  Drone  
  62  7:15  Drone, Spire  
  57  7:19  Drone x6  
  57  7:20  Drone x2, Hydralisk Den  
  57  7:22  Spore Crawler x2  
  61  7:23  Spore Crawler  
  61  7:27  Drone, Spine Crawler  
  61  7:28  Drone x3  
  56  7:36  Zergling x10  
  58  7:37  Drone x3  
  58  7:42  Extractor  
  60  7:46  Extractor, Drone x2  
  60  7:47  Drone x2, Extractor  
  60  7:48  Spore Crawler  
  60  7:50  Spore Crawler  
  60  7:51  Spore Crawler  
  60  7:53  Spore Crawler  
  60  7:55  Spore Crawler x2  
  60  7:56  Zergling x6  
  60  7:57  Drone x4  
  58  8:15  Hydralisk  
  58  8:16  Hydralisk x3  
  58  8:18  Zergling x10  
  58  8:19  Drone x3  
  75  8:20  Drone  
  75  8:29  Hydralisk  
  75  8:30  Zergling x2  
  75  8:31  Overlord  
  78  8:49  Hydralisk x3  
  78  8:50  Hydralisk x2  
  78  8:59  Drone  
  78  9:00  Drone x2  
  78  9:01  Drone x4  
  78  9:02  Drone, Spore Crawler  
  85  9:06  Grooved Spines  
  85  9:08  Overlord  
  85  9:09  Overlord x2  
  85  9:15  Spore Crawler  
  85  9:16  Spore Crawler  
  83  9:17  Drone x2  
  85  9:33  Hydralisk x2  
  85  9:34  Hydralisk x3  
  85  9:38  Drone x4  
  99  9:39  Drone x5  
  104  9:52  Drone  
  105  9:53  Drone x2  
  105  9:55  Spine Crawler  
  105  9:56  Spine Crawler  
  105  10:00  Hydralisk, Overlord x2  
  105  10:01  Hydralisk  
  109  10:12  Hatchery  
  108  10:14  Overlord x3  
  108  10:18  Muscular Augments  
  96  10:38  Hydralisk x2  
  96  10:39  Mutalisk x2  
  96  10:41  Corruptor x2  
  106  10:44  Zergling x8  
  106  10:45  Zergling x6  
  113  10:53  Hatchery  
  113  10:56  Hatchery  
  111  10:57  Evolution Chamber  
  111  11:00  Overseer, Evolution Chamber  
  111  11:01  Lurker Den  
  108  11:13  Roach Warren  
  108  11:15  Hydralisk x3  
  108  11:17  Zergling x6  
  116  11:19  Mutalisk x2  
  116  11:24  Drone x3  
  116  11:25  Drone x2  
  125  11:37  Mutalisk x2  
  129  11:40  Zergling x10  
  103  12:07  Roach  
  103  12:08  Roach x6  
  98  12:09  Roach x7  
  98  12:10  Zergling x4  
  106  12:18  Hatchery  
  106  12:20  Hatchery  
  106  12:22  Hatchery  
  102  12:33  Roach x8  
  102  12:34  Roach  
  102  12:35  Zergling x4, Roach x2  
  102  12:36  Zergling x4  
  116  12:47  Roach x2  
  116  12:48  Roach x2  
  114  13:03  Roach x3  
  114  13:04  Roach x5  
  123  13:08  Zergling x2  
  123  13:09  Zergling x8  
  123  13:10  Zergling x2  
  118  13:26  Drone x2  
  114  13:44  Zerg Melee Weapons Level 1  
  114  13:45  Zerg Ground Armor Level 1  
  114  13:46  Infestation Pit  
  114  13:47  Hydralisk x2  
  111  13:49  Zergling x14  
  111  13:50  Zergling x4  
  111  13:53  Extractor  
  115  13:56  Extractor  
  115  13:59  Drone  
  115  14:00  Drone x2, Hatchery  
  115  14:02  Zergling x8  
  120  14:11  Hatchery  
  119  14:17  Zergling x2  
  119  14:18  Zergling x8  
  124  14:30  Hatchery  
  123  14:36  Lurker x2  
  125  14:50  Drone x3  
  125  14:51  Drone  
  125  14:52  Drone x2  
  131  14:54  Hydralisk  
  131  14:55  Roach x2  
  131  14:56  Zergling x6, Roach  
  131  14:59  Overlord x2  
  142  15:20  Hatchery  
  138  15:37  Hydralisk x5, Roach x3  
  138  15:39  Roach x4  
  125  16:04  Roach x5  
  125  16:05  Roach x4  
  111  16:18  Roach x4  
  119  16:19  Drone  
  119  16:21  Drone  
  113  16:34  Roach  
  113  16:35  Roach x3  
  113  16:37  Drone  
  113  16:38  Drone  
  113  16:39  Drone  
  117  16:51  Corruptor x2  
  121  16:56  Drone  
  121  16:57  Drone x2  
  121  17:00  Drone  
  121  17:01  Drone  
  123  17:05  Ravager x2  
  123  17:06  Ravager x3  
  123  17:08  Ravager x2  
  130  17:09  Ravager  
  130  17:10  Ravager  
  130  17:11  Ravager  
  130  17:12  Ravager  
  130  17:13  Ravager  
  130  17:14  Ravager  
  130  17:15  Ravager  
  137  17:16  Ravager x2  
  137  17:17  Ravager  
  137  17:18  Ravager  
  137  17:21  Ravager x2  
  137  17:22  Ravager x2  
  145  17:25  Drone x2  
  147  17:42  Corruptor x2  
  98  18:06  Zergling x8  
  98  18:07  Zergling x12  
  99  18:17  Zergling x10  
  99  18:18  Drone x7  
  99  18:19  Drone x2  
  113  18:23  Spore Crawler  
  113  18:25  Zergling x4  
  114  18:27  Drone  
  101  18:50  Zergling x12  
  101  18:51  Zergling x4  
  101  18:54  Drone x2  
  101  18:55  Drone x5  
  87  19:06  Corruptor x2  
  87  19:08  Drone x2  
  87  19:09  Drone x4  
  97  19:24  Hydralisk x2  
  97  19:27  Hydralisk  
  97  19:30  Hydralisk  
  97  19:31  Hydralisk x2  
  104  19:32  Hydralisk x2  
  106  19:42  Hydralisk  
  89  19:54  Lurker x3  
  89  19:56  Lurker x2  
  89  19:57  Lurker  
  85  20:01  Lurker x2  
  85  20:05  Drone x4  
  85  20:06  Drone x6  
  88  20:07  Zergling x4  
  68  20:19  Hydralisk x2  
  68  20:20  Hydralisk x2  
  67  20:24  Drone  
  67  20:25  Drone x3  
  68  20:58  Spawning Pool  
  68  20:59  Overlord x3  
  68  21:01  Overlord x3  
  65  21:30  Roach x2  
  65  21:31  Roach  
  65  21:32  Roach x6  
  84  21:33  Roach  
  72  22:06  Zergling x6  
  72  22:08  Zergling x16  
  83  22:17  Zergling x2  
  83  22:21  Lair  
  81  22:43  Drone x3  
  78  22:45  Zergling x14  
  78  22:46  Zergling x4  
  75  23:00  Drone  
  75  23:03  Hatchery, Spore Crawler  
  75  23:05  Spore Crawler x2  
  71  23:06  Drone, Spine Crawler  
  71  23:07  Spine Crawler  
  71  23:08  Drone x2  
  71  23:10  Drone x3  
  62  23:13  Hatchery  
  50  23:57  Drone x6, Spawning Pool  
  53  24:03  Zergling x6  
  26  24:37  Hatchery  
  25  24:40  Hatchery x2  
  25  24:41  Drone x3, Hatchery  
  25  24:42  Hatchery  
  25  24:43  Hatchery  
  25  24:45  Hatchery  
  22  24:51  Drone x2  
  22  24:52  Drone, Roach Warren  
  24  24:57  Drone x3  
  27  25:06  Zergling x2  
  24  25:14  Drone  
Tags
 
Add a new tag
Caveats
  • Supply blocks, unpowered buildings, or Contaminate may cause inaccurate times.
  • Supply counts are checked every 10 seconds.